 Dungeon Crawl Stone Soup version 0.27.0-1-g7a089689b8 (webtiles) character file.

Game seed: 11867845427876864325

1018 horus123 the Slasher (level 8, -1/67 HPs)
             Began as a Red Draconian Fighter on Aug 1, 2021.
             Splashed by a jelly's acid (2 damage)
             ... on level 5 of the Dungeon.
             The game lasted 00:14:36 (4441 turns).

horus123 the Slasher (Red Draconian Fighter)        Turns: 4441, Time: 00:14:37

Health: -1/67      AC:  7    Str: 20    XL:     8   Next: 2%
Magic:  8/8        EV: 11    Int:  9    God:
Gold:   253        SH: 10    Dex: 11    Spells: 7/7 levels left

rFire    + . .     SeeInvis .   a - +0 long sword
rCold    + . .     Faith    .   b - +0 kite shield
rNeg     . . .     Spirit   .   (armour unavailable)
rPois    .         Reflect  .   h - +1 hat
rElec    .         Harm     .   (no cloak)
rCorr    +         Rampage  .   (no gloves)
Will     .....                  (no boots)
Stlth    ++........             (no amulet)
HPRegen  0.21/turn              n - ring of protection from cold
MPRegen  0.11/turn              m - ring of resist corrosion

@: no status effects
A: breathe fire, AC +6, unfitting armour, fire resistance 1, cold-blooded
a: Breathe Fire


You were on level 5 of the Dungeon.
You visited 1 branch of the dungeon, and saw 5 of its levels.

You collected 253 gold pieces.

Inventory:

Hand Weapons
 a - a +0 long sword (weapon)
 j - a +0 executioner's axe
Armour
 b - a +0 kite shield (worn)
 h - a +1 hat (worn)
Jewellery
 i - a ring of positive energy
 m - a ring of resist corrosion (right hand)
 n - a ring of protection from cold (left hand)
Scrolls
 d - 3 scrolls of identify {unknown}
 e - 6 scrolls of teleportation
 o - a scroll of amnesia {unknown}
 q - a scroll of enchant weapon {unknown}
Potions
 f - 2 potions of attraction {unknown}
 g - a potion of curing {unknown}
 k - a potion of mutation {unknown}
 l - a potion of heal wounds {unknown}
 p - 2 potions of berserk rage {unknown}


   Skills:
 + Level 4.7 Fighting
 + Level 6.0 Long Blades
 + Level 4.8 Dodging
 + Level 1.5 Stealth
 + Level 5.3 Shields


You had 7 spell levels left.
You didn't know any spells.
Your spell library contained the following spells:

 Spells                   Type           Power      Damage    Failure   Level
 Animate Skeleton         Necr           0%         N/A       80%         1
 Apportation              Tloc           0%         N/A       80%         1
 Corona                   Hex            0%         N/A       80%         1
 Summon Small Mammal      Summ           0%         N/A       80%         1


Dungeon Overview and Level Annotations

Branches:
Dungeon (5/15)
 Temple: D:4-7

Altars:


Innate Abilities, Weirdness & Mutations

You can breathe blasts of fire.
Your fiery red scales are hard. (AC +6)
You cannot fit into any form of body armour.
Your flesh is heat resistant. (rF+)
You are cold-blooded and may be slowed by cold attacks.


Message History

* * * LOW HITPOINT WARNING * * *
You struggle against the net.
Something hits you but does no damage. The gnoll hits you but does no damage.
You struggle against the net.
Something hits you.
* * * LOW HITPOINT WARNING * * *
The gnoll closely misses you.
You shred the net and break free! The gnoll closely misses you.
Something hits you.
* * * LOW HITPOINT WARNING * * *
You hit the gnoll but do no damage.
The gnoll is lightly wounded.
You block something's attack. The gnoll hits you with a +0 whip.
* * * LOW HITPOINT WARNING * * *
You barely miss the gnoll.
Your tail-slap misses the gnoll.
The gnoll is lightly wounded.
Something hits you but does no damage. You block the gnoll's attack.
You slash the gnoll!
You kill the gnoll!
Something hits you but does no damage. You block something's attack.
The jelly quivers.
Something hits you.
* * * LOW HITPOINT WARNING * * *
Items here: $ ( )) ?.
You block the jelly's attack.
A throwing net appears from out of thin air!
The throwing net hits you.
You become entangled in the net!
You see here a throwing net.
You tear a large gash into the net.
The jelly hits you but does no damage.
You shred the net and break free! The jelly hits you.
* * * LOW HITPOINT WARNING * * *
You are splashed with acid.
You resist.
* * * LOW HITPOINT WARNING * * *
You slash the jelly!
Your hands burn!
* * * LOW HITPOINT WARNING * * *
You tail-slap the jelly.
The jelly is severely wounded.
Something hits you but does no damage. You block the jelly's attack.
Something hits you but does no damage.
You hit the jelly.
Your hands burn!
You die...

#............#....#
#............#....#
#............#....#
#....).###..##..######
#####'#####'##..###..#
#..).)..#.......(.....
.##....{..#.............
.........J..#.............
.........@..#.............
............#.............
##########################


You could see a jelly.

Vanquished Creatures
  An ice beast (D:5)
  3 ogres
  3 phantoms
  A bullfrog (D:5)
  2 water moccasin skeletons
  A hound (D:5)
  A jelly (D:5)
  2 iguanas (D:4)
  3 gnolls (D:5)
  6 adders
  A shadow imp (D:5)
  A white imp (D:3)
  An adder skeleton (D:4)
  A dart slug (D:4)
  7 orcs
  7 bats
  6 endoplasms
  4 giant cockroaches
  8 goblins
  7 hobgoblins
  9 jackals
  3 quokkas
  6 ball pythons
  2 frilled lizards (D:1)
  6 kobolds
  3 rats
95 creatures vanquished.

Notes
Turn   | Place    | Note
-------+----------+-------------------------------------------
     0 | D:1      | horus123 the Draconian Fighter began the quest for the Orb.
     0 | D:1      | Reached XP level 1. HP: 19/19 MP: 1/1
    76 | D:1      | Found a faded altar of an unknown god.
   137 | D:1      | Reached XP level 2. HP: 22/26 MP: 2/2
  1000 | D:2      | Reached XP level 3. HP: 33/33 MP: 3/3
  1428 | D:2      | Reached skill level 3 in Long Blades
  1689 | D:3      | Reached XP level 4. HP: 35/40 MP: 4/4
  1952 | D:3      | Reached XP level 5. HP: 45/46 MP: 5/5
  2298 | D:4      | Noticed an ogre
  2311 | D:4      | Killed an ogre
  2312 | D:4      | Reached skill level 4 in Long Blades
  2347 | D:4      | Reached XP level 6. HP: 44/52 MP: 6/6
  2439 | D:4      | Identified the +1 robe of Inviolability {Rampage Str+2
                  | Int+5}
  3733 | D:5      | Entered Level 5 of the Dungeon
  3746 | D:5      | Noticed an ice beast
  3753 | D:5      | Killed an ice beast
  3754 | D:5      | Reached skill level 1 in Stealth
  3754 | D:5      | Your scales start taking on a fiery red colour.
  3754 | D:5      | Reached XP level 7. HP: 55/60 MP: 7/7
  3754 | D:5      | Gained mutation: Your flesh is heat resistant. (rF+) [Red
                  | Draconian growth]
  3786 | D:5      | Reached skill level 5 in Long Blades
  3794 | D:5      | Noticed a wyvern
  3810 | D:5      | Reached skill level 5 in Shields
  4218 | D:5      | Reached skill level 6 in Long Blades
  4421 | D:5      | Reached XP level 8. HP: 30/67 MP: 8/8
  4439 | D:5      | HP: 3/67 [acid (2)]
  4440 | D:5      | HP: 1/67 [acid (2)]
  4441 | D:5      | Splashed by a jelly's acid

Illustrated notes

Levels and vault maps discovered:
D:1:      saegor_arrival_simple_d, layout_basic,
          hellmonk_ecumenical_altar_inner_sanctum, hex_large,
          ebering_dispersal_statue_hall
D:2:      layout_basic
D:3:      layout_rooms
D:4:      layout_layer_cave
D:5:      minmay_chambers_of_fours, layout_gridville

Skill      XL: |  1  2  3  4  5  6  7 |
---------------+----------------------+-----
Dodging        | 3 4 |  4.8
Long Blades    | 3 4 6 |  6.0
Fighting       | 4 |  4.7
Shields        | 4 5 |  5.3
Stealth        | 1 |  1.5

Action                   |  1- 3 |  4- 6 |  7- 9 || total
-------------------------+-------+-------+-------++-------
Melee: Long sword        |   126 |   158 |    56 ||   340
       Tailslap          |     8 |    24 |     9 ||    41
  Use: Scroll            |     1 |       |       ||     1
       Potion            |       |     2 |     1 ||     3
Armor: Skin              |    55 |    72 |    15 ||   142
Dodge: Dodged            |    83 |    86 |    26 ||   195
Block: Kite shield       |    73 |   109 |    35 ||   217
       Rpst.: Long sword |    30 |    33 |     9 ||    72
